 Dungeon Crawl Stone Soup version 0.30-a0-1043-g60ff8d5f49 (webtiles) character file.

Game seed: 12284898652936346025

206788 jimonade the Sorcerer (level 19, 0/126 HPs)
             Began as a Djinni Ice Elementalist on Apr 8, 2023.
             Was a Believer of Ashenzari.
             Splashed by a caustic shrike's acid (8 damage)
             ... on level 4 of the Depths on Apr 10, 2023.
             The game lasted 03:19:27 (30625 turns).

jimonade the Sorcerer (Djinni Ice Elementalist)    Turns: 30625, Time: 03:19:27

Health: 0/126      AC: 15    Str: 12    XL:     19   Next: 91%
Gold:   2405       EV: 18    Int: 17    God:    Ashenzari [**....] SH: 12 Dex: 12

rFire   + + +      SeeInvis +    b - staff of earth
rCold   + . .      Faith    .    D - +1 kite shield {AC+3}
rNeg    + + +      Spirit   .    d - +0 troll leather armour "Thunder Perfect Mind" {Regen+, Melee, Self} (curse)
rPois   ∞          Reflect  .    B - +0 hat "Qoiluuh" {Will+}
rElec   +          Rampage  .    Y - scarf of the Shackled God {rC+ rF+, Melee, Self} (curse)
rCorr   .                        I - +3 pair of gloves of the Evening Star {+Inv Str+2 SInv}
Will    ++...                    (boots unavailable)
Stlth   +                        G - amulet "Paranoia of Ashenzari" {Regen+, Self, Evo} (curse)
HPRegen 2.01/turn                u - ring of Reimbursement {rElec rN+++ EV+5 Str-3 Dex-4}
MPRegen 0.00/turn                x - ring of Uvvor {rF+ rC+ MP+9}

@: ice-armoured, corroded, freezing walls, flying
A: sickness immunity, fire resistance 2, cold vulnerability 1, float, innate
caster, HP casting, extra vitality 1
a: Renounce Religion, Evoke Invisibility, Shatter the Chains


You were on level 4 of the Depths.
You worshipped Ashenzari.
Ashenzari was pleased with you.
You visited 7 branches of the dungeon, and saw 29 of its levels.
You visited 1 bazaar.
You also visited: Trove, Ossuary and Gauntlet.

You collected 3825 gold pieces.
You spent 1420 gold pieces at shops.

Inventory:

Hand Weapons
 n - a +2 vampiric demon blade
Armour
 d - the cursed +0 troll leather armour "Thunder Perfect Mind" (worn) {Regen+, Melee, Self}
   (You found it on level 9 of the Dungeon)

   Regen:     It increases your rate of health regeneration.
   It has a curse which improves the following skills: Melee Combat: Short
   Blades, Long Blades, Axes, Maces & Flails, Polearms, Staves and Unarmed
   Combat.
   Introspection: Fighting and Spellcasting.
 B - the +0 hat "Qoiluuh" (worn) {Will+}
   (You found it in a treasure trove)

   Will:      It increases your willpower.
 D - a +1 kite shield of protection (worn)
 I - the +3 pair of gloves of the Evening Star (worn) {+Inv Str+2 SInv}
   (You found it on level 3 of the Depths)

   Str:       It affects your strength (+2).
   SInv:      It lets you see invisible.
   +Inv:      It lets you turn invisible.
 Y - the cursed scarf of the Shackled God (worn) {rC+ rF+, Melee, Self}
   (You bought it in a shop on level 2 of the Orcish Mines)

   It has a curse which improves the following skills: Melee Combat: Short
   Blades, Long Blades, Axes, Maces & Flails, Polearms, Staves and Unarmed
   Combat.
   Introspection: Fighting and Spellcasting.
Magical Staves
 a - a staff of cold
 b - a staff of earth (weapon)
 A - a staff of air
 Z - a staff of conjuration
Jewellery
 u - the ring of Reimbursement (left hand) {rElec rN+++ EV+5 Str-3 Dex-4}
   (You found it in a treasure trove)

   [ring of evasion]

   EV:        It affects your evasion (+5).
   Str:       It affects your strength (-3).
   Dex:       It affects your dexterity (-4).
   rElec:     It insulates you from electricity.
   rN:        It renders you almost immune to negative energy.
 x - the ring of Uvvor (right hand) {rF+ rC+ MP+9}
   (You found it in a treasure trove)

   [ring of magical power]

   rF:        It protects you from fire.
   rC:        It protects you from cold.
   MP:        It affects your magic capacity (+9).
 y - a ring of resist corrosion
 G - the cursed amulet "Paranoia of Ashenzari" (around neck) {Regen+, Self, Evo}
   (You found it on level 6 of the Dungeon)

   [amulet of regeneration]

   Regen:     It increases your rate of health regeneration.
   It has a curse which improves the following skills: Introspection: Fighting
   and Spellcasting.
   Evocations: Evocations.
 H - a ring of protection from cold
 N - the amulet of Erid {Reflect Int+6 Dex+7 SH+5}
   (You found it in a treasure trove)

   [amulet of reflection]

   It reflects blocked missile attacks.
   Int:       It affects your intelligence (+6).
   Dex:       It affects your dexterity (+7).
   SH:        It affects your SH (+5).
 T - a ring of willpower
Wands
 f - a wand of paralysis (31)
 m - a wand of mindburst (21)
 J - a wand of digging (9)
 U - a wand of acid (7)
Scrolls
 g - 27 scrolls of identify
 h - 2 scrolls of immolation
 i - 4 scrolls of silence
 l - a scroll of teleportation
 p - 3 scrolls of poison
 q - 6 scrolls of vulnerability
 s - 3 scrolls of blinking
 t - 6 scrolls of fog
 w - 3 scrolls of fear
 C - 8 scrolls of magic mapping
 E - 7 scrolls of enchant weapon
 K - 5 scrolls of enchant armour
Potions
 e - 9 potions of mutation
 j - 9 potions of haste
 k - a potion of curing
 o - 6 potions of resistance
 r - 3 potions of heal wounds
 z - 2 potions of ambrosia
 F - 9 potions of attraction
 L - 4 potions of might
 M - 7 potions of cancellation
 Q - 6 potions of berserk rage
 V - 2 potions of brilliance
 W - 2 potions of invisibility
Miscellaneous
 c - a box of beasts
 v - a condenser vane
 P - a tin of tremorstones (2/2)


   Skills:
 * Level 6.0(8.3) Fighting
 * Level 7.6 Armour
 * Level 8.8 Dodging
 - Level 1.5 Stealth
 + Level 11.7 Shields
 + Level 21.7(23.6) Spellcasting
 * Level 10.6(11.7) Evocations


You knew the following spells:

 Your Spells              Type           Power      Damage    Failure   Level
a - Freeze                Ice            100%       1d10      0%          1
b - Frozen Ramparts       Ice            100%       1d16      0%          3
c - Ozocubu's Armour      Ice            79%        N/A       0%          3
d - Summon Ice Beast      Ice/Summ       79%        N/A       0%          4
e - Slow                  Hex            100%       N/A       0%          1
f - Poisonous Vapours     Pois/Air       100%       N/A       0%          2
g - Tukima's Dance        Hex            79%        N/A       0%          3
h - Ignite Poison         Fire/Tmut/Pois 79%        N/A       0%          3
i - Leda's Liquefaction   Hex/Erth       50%        N/A       0%          4
j - Borgnjor's Vile Clut  Necr/Erth      50%        N/A       0%          5
k - Iron Shot             Conj/Erth      50%        9d10      1%          6
l - Malign Gateway        Summ/Tloc      39%        N/A       1%          7
m - Monstrous Menagerie   Summ           39%        N/A       1%          7
Your spell library was empty.

Dungeon Overview and Level Annotations

Branches:
Dungeon (15/15)            Temple (1/1) D:4            Lair (5/5) D:11
 Shoals (0/4) Lair:2        Snake (1/4) Lair:3        Slime (0/5) Lair:5
    Orc (2/2) D:10            Elf (0/3) Orc:2        Vaults (0/5) D:13
 Depths (4/4) D:15           Hell (visited)         Ossuary (visited)
Gauntlet (visited)
    Dis: Hell:1         Geh: Hell:1         Coc: Hell:1         Tar: Hell:1
    Zot: Depths:4

Altars:
Ashenzari
Cheibriados
Dithmenos
Elyvilon
Fedhas
Gozag
Hepliaklqana
Makhleb
Nemelex Xobeh
Okawaru
Qazlal
Ru
Trog
Uskayaw
Wu Jian
Xom
Yredelemnul
Zin
The Shining One

Shops:
D:14 (   Orc:1 :   Orc:2 [(=*   Depths:1 **   Depths:3 ==:!(

Portals:
Hell: Depths:1 Depths:2 Depths:3
Abyss: Depths:3
Pandemonium: Depths:2
Ziggurat: Depths:4

Annotations:
D:10 exclusion: oklob plant
Lair:5 1 runed translucent door
Hell Geryon


Innate Abilities, Weirdness & Mutations

You are immune to sickness and miasma.
You are immune to poison.
Your flesh is very heat resistant. (rF++)
You are vulnerable to cold. (rC-)
You float through the air rather than walking.
You learn spells naturally, not from books.
Your magical power is your life essence.
You have superior vitality. (+4 MHP)


Message History

Press: ? - help, Shift-Dir - straight line, f - caustic shrike, p - caustic shrike
Aim: a caustic shrike (100% to hit)
You feel a surge of power!
Zombie hands grab the caustic shrike. x2
* * * LOW HITPOINT WARNING * * *
The zombie hands constrict the caustic shrike.
The zombie hands constrict the caustic shrike!
The caustic shrike completely resists.
The wall freezes the caustic shrike but does no damage.
The caustic shrike completely misses you.
The caustic shrike resists.
The wall freezes the caustic shrike.
The caustic shrike misses you.
The caustic shrike completely misses you.
The wall freezes the caustic shrike but does no damage.
Your manticore flicks its tail.
The volley of spikes hits the caustic shrike!
The caustic shrike claws your manticore!
Your manticore is splashed with acid.
The caustic shrike resists.
The wall freezes the caustic shrike.
The caustic shrike claws you but does no damage.
The wall freezes the caustic shrike but does no damage.
The caustic shrike claws your manticore!!
Your manticore dies!
Your manticore's corpse disappears in a puff of smoke!
The caustic shrike screeches!
Casting: Borgnjor's Vile Clutch (safe; 0% risk of failure)
Confirm with . or Enter, or press ? or * to list all spells.
Aiming: Borgnjor's Vile Clutch (safe; 0% risk of failure)
Press: ? - help, Shift-Dir - straight line, f - caustic shrike, p - caustic shrike
Aim: a caustic shrike (heavily wounded, ally target, 100% to hit)
You feel a surge of power!
Zombie hands grab the caustic shrike.
* * * LOW HITPOINT WARNING * * *
The zombie hands constrict the caustic shrike! x3
The caustic shrike resists.
The wall freezes the caustic shrike.
You block the caustic shrike's attack.
The caustic shrike resists.
The wall freezes the caustic shrike.
The caustic shrike claws you!
* * * LOW HITPOINT WARNING * * *
You are splashed with acid!
You die...

, ......,.b... #** * ,......
#...##.## , ... #...b##..
.#... #....###$..(..# ....#
* ......#.......##.... **
..........}.....# .## ,, ,
.#...#^..#..#{..##..#, * +*
............#..##b.#...#,,**
.....#.........#@bb...##,,
....###.........kb.....#,,
...##.##.[=....§.......#,,
..##.∩.##......w.......# , ,
...##.##....(.<.†(.....# , *
##..###........\......##*
...(.#.....#....*......#
..../....................#
...../...........#..)....# *


You could see 4 caustic shrikes, a friendly eldritch tentacle and a friendly
lindwurm (summoned).

Vanquished Creatures
  A caustic shrike (Depths:3)
  A golden dragon (Depths:3)
  2 quicksilver dragons
  A titan (Depths:3)
  A walking divine tome (Depths:3)
  3 sphinxes
  Gastronok (Lair:2)
  A tengu reaver (Depths:2)
  A frost giant (Depths:2)
  3 fire giants
  An orc warlord (Depths:2)
  A juggernaut zombie (D:15)
  2 spriggan defenders (Depths:2)
  12 very ugly things
  4 stone giants
  A minotaur (Gauntlet)
  A green death (Gauntlet)
  A deep elf high priest (Depths:1)
  5 ettins
  4 fire dragons
  Josephine (Lair:5)
  3 ice dragons
  A hell beast (Depths:2)
  A rakshasa (Depths:1)
  4 centaur warriors
  8 hydras
  A catoblepas (D:14)
  Erica (D:8)
  5 boulder beetles
  An ogre mage (D:15)
  2 spriggan air magi
  5 two-headed ogres
  5 deep troll shamans
  2 deep troll earth magi
  3 orc high priests (Orc:2)
  2 tengu warriors (D:15)
  13 death yaks
  Sonja (Lair:4)
  3 hell knights (Depths:2)
  6 iron trolls
  2 skysharks
  4 skeletal warriors
  8 deep trolls
  A glowing orange brain (Depths:3)
  Pikel (D:8)
  A swamp dragon (Lair:5)
  2 wizards
  3 mana vipers (Depths:2)
  15 orc knights
  A phantasmal warrior (D:15)
  A sphinx zombie (D:15)
  4 necromancers
  3 orc sorcerers (Orc:2)
  22 ugly things
  2 deep elf zephyrmancers (Depths:1)
  A wolf spider (D:15)
  A stone giant zombie (D:15)
  4 manticores
  7 cyclopes
  Maurice (D:13)
  7 elephants (Lair:4)
  3 black mambas
  A torpor snail (Lair:5)
  2 orange demons (Gauntlet)
  4 gargoyles (D:12)
  Maggie (D:8)
  A storm dragon simulacrum (Depths:1)
  3 unseen horrors
  2 kobold demonologists (D:10)
  8 cane toads
  A rime drake (Lair:3)
  Psyche (D:11)
  A rime drake (shapeshifter) (D:14)
  2 freezing wraiths (D:13)
  A tormentor (Depths:2)
  4 tengu conjurers
  17 komodo dragons
  2 red devils (Depths:2)
  A guardian mummy (D:15)
  9 polar bears (Lair:5)
  3 meliai (D:15)
  A hellwing (Depths:2)
  7 trolls
  2 hornets
  A raiju (Lair:5)
  A tarantella (shapeshifter) (D:15)
  12 blink frogs
  A dream sheep (Lair:5)
  A ynoxinul (Depths:2)
  A spriggan skeleton (Depths:2)
  2 shadows
  3 water elementals (D:13)
  4 wraiths
  An ettin skeleton (Depths:2)
  7 slime creatures
  7 wyverns
  A human (Lair:5)
  A fire elemental (D:11)
  A basilisk (Lair:5)
  10 yaks
  5 steam dragons
  A redback simulacrum (D:15)
  2 vampire mosquitoes (D:12)
  7 wargs
  Menkaure (D:5)
  A harpy simulacrum (D:14)
  3 nagas (Lair:3)
  2 acid dragons
  14 hell hounds
  9 water moccasins
  A human skeleton (D:15)
  13 black bears
  33 orc warriors
  7 ice beasts
  A sky beast (D:8)
  A spriggan simulacrum (Depths:1)
  2 swamp drakes (Lair:5)
  17 wolves (Lair:5)
  14 ogres
  2 centaurs
  A phantom (D:5)
  3 kobold brigands
  Blork the orc (D:6)
  4 gnoll sergeants
  8 scorpions
  A human simulacrum (Depths:1)
  15 bullfrogs
  7 wights
  8 killer bees
  An electric eel (D:13)
  4 howler monkeys
  3 lava snakes (D:11)
  2 jellies (D:7)
  21 orc priests
  A sleepcap (D:7)
  3 hounds
  3 human zombies (Ossuary)
  2 gnoll boudas
  7 iguanas
  21 orc wizards
  4 scorpion zombies (Ossuary)
  3 mummies (Ossuary)
  25 gnolls
  13 adders
  4 white imps
  An ufetubus (D:5)
  2 worms
  5 dart slugs
  92 orcs
  10 ball pythons
  4 bats
  6 endoplasms
  5 giant cockroaches
  3 gnoll zombies (Ossuary)
  8 goblins
  14 hobgoblins
  7 jackals
  7 kobolds
  5 frilled lizards
  3 goblin zombies (Ossuary)
  2 hobgoblin zombies (Ossuary)
  4 kobold zombies (Ossuary)
  2 orc zombies (Ossuary)
  6 rats
824 creatures vanquished.

Vanquished Creatures (collateral kills)
  A caustic shrike (Depths:3)
  the Enchantress (Depths:2)
  2 golden dragons
  A walking crystal tome (Depths:3)
  3 liches
  A quicksilver dragon (Depths:2)
  Asterion (Depths:2)
  A walking divine tome (Depths:3)
  2 sphinxes
  An eldritch tentacle (Depths:3)
  A tengu reaver (Depths:4)
  A fire giant (Depths:2)
  2 frost giants (Depths:3)
  An orc warlord (Depths:2)
  2 spriggan defenders (Depths:2)
  7 stone giants
  9 very ugly things
  A wendigo (Depths:1)
  3 ettins
  6 fire dragons
  3 ice dragons
  A hydra (Depths:2)
  A rakshasa (Depths:1)
  3 spriggan air magi (Depths:2)
  A two-headed ogre (D:7)
  A vampire mage (Depths:2)
  A deep troll earth mage (Depths:3)
  3 hell knights (Depths:2)
  4 spriggan berserkers
  Lodul (D:11)
  2 iron trolls
  A glowing orange brain (Depths:3)
  5 deep trolls
  2 flayed ghosts
  An orc knight (Depths:2)
  3 deep elf pyromancers (Depths:1)
  2 harpies (Depths:2)
  4 mana vipers (Depths:2)
  2 ugly things (Depths:3)
  5 manticores (Depths:2)
  A gargoyle (D:10)
  A queen bee (shapeshifter) (Depths:4)
  A raiju (Lair:5)
  A slime creature (D:14)
  A water elemental (Depths:3)
  An acid dragon (Lair:5)
  A glowing shapeshifter zombie (Depths:2)
  A floating eye (Depths:1)
  An orc warrior (D:7)
  7 wights (D:9)
  An orc (D:9)
110 creatures vanquished.

Vanquished Creatures (others)
  41 eldritch tentacles
  A stone giant (Depths:2)
  A juggernaut simulacrum (Depths:1)
  15 fungi
  63 plants
  12 toadstools (D:10)
  22 withered plants
155 creatures vanquished.

Grand Total: 1089 creatures vanquished

Notes
Turn   | Place    | Note
-------+----------+-------------------------------------------
     0 | D:1      | jimonade the Djinni Ice Elementalist began the quest for
                  | the Orb.
     0 | D:1      | jimonade set off with the following spells memorised:
                  | Freeze, Frozen Ramparts, Ozocubu's Armour, Summon Ice
                  | Beast.
     0 | D:1      | Reached XP level 1. HP: 15/15 MP: 0/0
    77 | D:1      | Reached XP level 2. HP: 15/21 MP: 0/0
   369 | D:1      | Reached XP level 3. HP: 24/25 MP: 0/0
   369 | D:1      | Learned a level 1 spell: Slow
   562 | D:1      | Reached skill level 4 in Spellcasting
  1067 | D:2      | Reached XP level 4. HP: 23/31 MP: 0/0
  2092 | D:3      | Reached XP level 5. HP: 26/35 MP: 0/0
  2092 | D:3      | Learned a level 2 spell: Poisonous Vapours
  2548 | D:3      | Reached skill level 5 in Spellcasting
  2707 | D:3      | Identified the +2 rapier "Larghoneo" {elec, Dex+5}
  3298 | D:4      | Reached XP level 6. HP: 35/40 MP: 0/0
  3793 | D:4      | Found a staircase to the Ecumenical Temple.
  4034 | Temple   | Entered the Ecumenical Temple
  4156 | D:5      | Entered Level 5 of the Dungeon
  4214 | D:5      | Noticed a black bear
  4225 | D:5      | Killed a black bear
  4226 | D:5      | Reached skill level 6 in Spellcasting
  4226 | D:5      | Reached XP level 7. HP: 28/45 MP: 0/0
  4226 | D:5      | Learned a level 3 spell: Tukima's Dance
  4329 | D:5      | Found a glowing golden altar of the Shining One.
  4661 | D:5      | Noticed Menkaure
  4674 | D:5      | Killed Menkaure
  4675 | D:5      | Reached skill level 7 in Spellcasting
  4675 | D:5      | Reached XP level 8. HP: 46/50 MP: 0/0
  5166 | D:6      | Noticed a wyvern
  5176 | D:6      | Killed a wyvern
  5177 | D:6      | Reached skill level 8 in Spellcasting
  5255 | D:6      | Found a broken altar of Ashenzari.
  5256 | D:6      | Found a shimmering altar of Xom.
  5258 | D:6      | Found a sacrificial altar of Ru.
  5306 | D:6      | Became a worshipper of Ashenzari the Shackled
  5483 | D:6      | Reached XP level 9. HP: 50/55 MP: 0/0
  5483 | D:6      | Learned a level 3 spell: Ignite Poison
  5520 | D:6      | Noticed Blork the orc
  5621 | D:6      | Killed Blork the orc
  5622 | D:6      | Reached skill level 9 in Spellcasting
  6815 | D:7      | Found a sand-covered staircase.
  6823 | Ossuary  | Entered an ossuary
  7054 | Ossuary  | Reached skill level 1 in Armour
  7054 | Ossuary  | Reached skill level 10 in Spellcasting
  7130 | Ossuary  | Reached skill level 1 in Fighting
  7317 | D:7      | Noticed a hornet
  7322 | D:7      | Killed a hornet
  7323 | D:7      | Reached XP level 10. HP: 48/64 MP: 0/0
  7766 | D:7      | Noticed a komodo dragon
  7774 | D:7      | Killed a komodo dragon
  7780 | D:7      | Reached skill level 11 in Spellcasting
  7852 | D:7      | Noticed a two-headed ogre
  8002 | D:7      | Noticed a boulder beetle
  8027 | D:7      | Killed a boulder beetle
  8085 | D:7      | Noticed a two-headed ogre
  8104 | D:7      | Killed a two-headed ogre
  8201 | D:7      | Killed a two-headed ogre
  8202 | D:7      | Reached XP level 11. HP: 64/71 MP: 0/0
  8202 | D:7      | Learned a level 4 spell: Leda's Liquefaction
  8461 | D:7      | Noticed a manticore
  8468 | D:7      | Killed a manticore
  8469 | D:7      | Reached skill level 12 in Spellcasting
  8475 | D:7      | Identified the +2 pair of gloves "Ucsonud" {rF+ Dex+3 SInv}
  8479 | D:7      | Identified the staff of death "Hus Ask" {rPois rF+ rN+
                  | Will- Str+2}
  8690 | D:7      | Reached * piety under Ashenzari
  8776 | D:8      | Noticed Erica
  8781 | D:8      | Killed Erica
  8820 | D:8      | Identified the +6 mace of Honour {vamp, rPois rC- rN+
                  | Will+}
  8909 | D:8      | Noticed Pikel
  8911 | D:8      | Killed Pikel
  9106 | D:8      | Reached skill level 5 in Dodging
  9367 | D:8      | Noticed Maggie
  9369 | D:8      | Paralysed by Maggie for 2 turns
  9378 | D:8      | Killed Maggie
  9485 | D:9      | Found a white marble altar of Elyvilon.
  9679 | D:9      | Reached skill level 13 in Spellcasting
  9798 | D:9      | Found a burning altar of Makhleb.
 10050 | D:10     | Entered Level 10 of the Dungeon
 10196 | D:10     | Found a blossoming altar of Fedhas.
 10258 | D:10     | Reached XP level 12. HP: 74/81 MP: 0/0
 10263 | D:10     | Reached skill level 1 in Shields
 10401 | D:10     | Found a staircase to the Orcish Mines.
 11222 | D:11     | Found a staircase to the Lair.
 11335 | D:11     | Noticed Lodul
 11341 | D:11     | Killed Lodul
 11697 | D:11     | Noticed Psyche
 11699 | D:11     | Killed Psyche
 11904 | Lair:1   | Entered Level 1 of the Lair of Beasts
 11912 | Lair:1   | Reached skill level 14 in Spellcasting
 12955 | Lair:2   | Reached XP level 13. HP: 85/86 MP: 0/0
 12955 | Lair:2   | Learned a level 5 spell: Borgnjor's Vile Clutch
 12955 | Lair:2   | Upgraded the game from 0.30-a0-1035-g38d5fb2972 to
                  | 0.30-a0-1043-g60ff8d5f49
 13099 | Lair:2   | Found a staircase to the Shoals.
 13232 | Lair:2   | Noticed Gastronok
 13252 | Lair:2   | Reached skill level 5 in Shields
 13267 | Lair:2   | Killed Gastronok
 13673 | Lair:3   | Reached skill level 15 in Spellcasting
 14449 | Lair:3   | Found a staircase to the Snake Pit.
 14552 | Snake:1  | Entered Level 1 of the Snake Pit
 14683 | Lair:4   | Noticed a six-headed hydra
 14691 | Lair:4   | Killed a six-headed hydra
 14736 | Lair:4   | You are sucked into a shaft and drop 1 floor!
 14736 | Lair:5   | Entered Level 5 of the Lair of Beasts
 14799 | Lair:5   | Noticed a fire dragon
 14896 | Lair:5   | Killed a fire dragon
 15141 | Lair:5   | Found a gate leading to a gauntlet.
 15161 | Gauntlet | Entered a Gauntlet
 15161 | Gauntlet | Found a transporter.
 15161 | Gauntlet | Found a transporter.
 15161 | Gauntlet | Found a transporter.
 15161 | Gauntlet | Found a transporter.
 15169 | Gauntlet | Found a transporter.
 15181 | Gauntlet | Found a transporter.
 15185 | Gauntlet | Found a large runed translucent door.
 15185 | Gauntlet | Found a large runed translucent door.
 15186 | Gauntlet | Found a large runed translucent door.
 15186 | Gauntlet | Found a large runed translucent door.
 15187 | Gauntlet | Found a large runed translucent door.
 15187 | Gauntlet | Found a large runed translucent door.
 15187 | Gauntlet | Found a large runed translucent door.
 15187 | Gauntlet | Found a large runed translucent door.
 15204 | Gauntlet | Found a transporter.
 15206 | Gauntlet | Noticed a green death
 15220 | Gauntlet | Found a runed translucent gate.
 15221 | Gauntlet | Found a transporter.
 15221 | Gauntlet | Found a runed translucent gate.
 15222 | Gauntlet | Found a runed translucent gate.
 15223 | Gauntlet | Found a large runed translucent door.
 15223 | Gauntlet | Found a large runed translucent door.
 15224 | Gauntlet | Found a large runed translucent door.
 15225 | Gauntlet | Found a large runed translucent door.
 15234 | Gauntlet | Found a large runed translucent door.
 15234 | Gauntlet | Found a large runed translucent door.
 15234 | Gauntlet | Found a runed translucent door.
 15234 | Gauntlet | Found a runed translucent door.
 15235 | Gauntlet | Found a large runed translucent door.
 15236 | Gauntlet | Found a large runed translucent door.
 15238 | Gauntlet | Found a transporter.
 15243 | Gauntlet | Found a transporter.
 15265 | Gauntlet | Found a transporter.
 15315 | Gauntlet | Found a transporter.
 15315 | Gauntlet | Identified the ring of the Robin {rPois rN+ MP+9 Dex-3}
 15925 | Gauntlet | Reached XP level 14. HP: 82/93 MP: 0/0
 16019 | Gauntlet | Noticed a minotaur
 16032 | Gauntlet | Killed a minotaur
 16123 | Lair:5   | Reached skill level 16 in Spellcasting
 16189 | Lair:5   | Noticed Josephine
 16192 | Lair:5   | Killed Josephine
 16305 | Lair:5   | Found a staircase to the Slime Pits.
 16319 | Lair:5   | Reached skill level 5 in Armour
 16319 | Lair:5   | Reached skill level 1 in Evocations
 16961 | Lair:5   | Reached ** piety under Ashenzari
 17291 | Lair:5   | Found a runed translucent door.
 17291 | Lair:5   | Identified the staff of death "Meemesu" {rF+++ rN+ rCorr
                  | MP-9 Dex+4}
 17299 | Lair:5   | Noticed a tentacled starspawn
 17642 | Lair:4   | Reached XP level 15. HP: 101/101 MP: 0/0
 17642 | Lair:4   | Learned a level 6 spell: Iron Shot
 17651 | Lair:4   | Reached skill level 17 in Spellcasting
 17739 | Lair:4   | Reached *** piety under Ashenzari
 17773 | Lair:4   | Noticed Sonja
 17776 | Lair:4   | Killed Sonja
 18420 | Orc:1    | Entered Level 1 of the Orcish Mines
 18420 | Orc:1    | Found Vaeplan's Book Shoppe.
 18635 | Orc:2    | Entered Level 2 of the Orcish Mines
 18635 | Orc:2    | Found a staircase to the Elven Halls.
 18832 | Orc:2    | Reached skill level 5 in Evocations
 18851 | Orc:2    | Found Tiboh's Jewellery Emporium.
 18851 | Orc:2    | Found Bunlafea's General Store.
 18853 | Orc:2    | Found Cicoheom's Antique Armour Emporium.
 18853 | Orc:2    | Found Soikh's Weapon Shop.
 19404 | Orc:2    | Bought a glowing scarf for 192 gold pieces
 20535 | D:12     | Identified the staff of air "Zaess" {rElec rN+ Will+ Str-4}
 20956 | D:13     | Reached skill level 18 in Spellcasting
 21020 | D:13     | Noticed Maurice
 21022 | D:13     | Killed Maurice
 21528 | D:13     | Reached XP level 16. HP: 88/109 MP: 0/0
 21585 | D:13     | Found a gate to the Vaults.
 21691 | D:14     | Found Qoleg's Weapon Emporium.
 21697 | D:14     | Bought the +7 great mace "Firestarter" {flame, inner flame,
                  | rFlCloud rF++} for 712 gold pieces
 21697 | D:14     | Found the +7 great mace "Firestarter" {flame, inner flame,
                  | rFlCloud rF++}
 21783 | D:14     | Identified the +0 leather armour of Onidushoq {Stlth+}
 21796 | D:14     | Identified the +1 pair of gloves "Feqotas" {-Cast Rampage
                  | rPois rN+++}
 21865 | D:14     | Found a hazy altar of Hepliaklqana.
 22325 | D:15     | Entered Level 15 of the Dungeon
 22409 | D:15     | Found a staircase to the Depths.
 22969 | D:15     | HP: 2/111 [centaur warrior/arrow (13)]
 23268 | Depths:1 | Entered Level 1 of the Depths
 23272 | Depths:1 | Reached skill level 19 in Spellcasting
 23536 | Depths:1 | Reached XP level 17. HP: 115/115 MP: 0/0
 23536 | Depths:1 | Learned a level 7 spell: Malign Gateway
 23725 | Depths:1 | Found Gfaatyra's Goods Gallery.
 23833 | Depths:1 | Reached skill level 10 in Shields
 23918 | Depths:1 | You are sucked into a shaft and drop 1 floor!
 24221 | Depths:1 | Found Big Baal Hell's Store.
 24225 | Depths:1 | Paralysed by a wendigo for 1 turns
 24506 | Depths:1 | Found a gateway to Hell.
 25117 | Depths:2 | Found a one-way gate leading to the halls of Pandemonium.
 25395 | Depths:2 | Found a white marble altar of Elyvilon.
 25403 | Depths:2 | Noticed Asterion
 25421 | Depths:2 | Noticed an Executioner
 25422 | Depths:2 | Reached skill level 5 in Fighting
 25425 | Depths:2 | Killed Asterion
 25460 | Depths:2 | Noticed a tengu reaver
 25469 | Depths:2 | Killed a tengu reaver
 25522 | Depths:2 | Noticed a sphinx
 25528 | Depths:2 | Killed a sphinx
 25529 | Depths:2 | Reached skill level 20 in Spellcasting
 25629 | Depths:2 | Noticed the Enchantress
 25641 | Depths:2 | Killed the Enchantress
 25643 | Depths:2 | Reached XP level 18. HP: 36/122 MP: 0/0
 26377 | Depths:2 | Noticed a quicksilver dragon
 26380 | Depths:2 | Killed a quicksilver dragon
 26525 | Depths:2 | Noticed a quicksilver dragon
 26529 | Depths:2 | Killed a quicksilver dragon
 26776 | Depths:2 | Found a runed translucent door.
 26776 | Depths:2 | Noticed a lich
 26788 | Depths:2 | Killed a lich
 26916 | Depths:2 | Found a runed translucent door.
 26917 | Depths:2 | Noticed a lich
 26929 | Depths:2 | Killed a lich
 27092 | Hell     | Entered the Vestibule of Hell
 27092 | Hell     | Noticed Geryon
 27148 | Depths:3 | Reached skill level 21 in Spellcasting
 27160 | Depths:3 | Reached skill level 10 in Evocations
 27160 | Depths:3 | Reached XP level 19. HP: 44/128 MP: 0/0
 27160 | Depths:3 | Learned a level 7 spell: Monstrous Menagerie
 27420 | Depths:3 | Found a one-way gate to the infinite horrors of the Abyss.
 27441 | Depths:3 | Found Fomeetat's Distillery.
 27454 | Depths:3 | Bought a potion of resistance for 140 gold pieces
 27499 | Depths:3 | Found Jeninen's Antique Weapon Emporium.
 27601 | Depths:3 | Found Uffigeus's Book Shoppe.
 27610 | Depths:3 | Found Vejy's Jewellery Shop.
 27634 | Depths:3 | Found Haocasau's Jewellery Shop.
 27708 | Depths:3 | Found a shimmering altar of Xom.
 27709 | Depths:3 | Found a shimmering altar of Xom.
 27734 | Depths:3 | Found a shimmering altar of Xom.
 27740 | Depths:3 | Found a shimmering altar of Xom.
 27740 | Depths:3 | Found a shimmering altar of Xom.
 27832 | Depths:3 | Noticed a lich
 27840 | Depths:3 | Noticed a caustic shrike
 27845 | Depths:3 | Killed a lich
 27846 | Depths:3 | Killed a caustic shrike
 28675 | Depths:3 | Identified Ewuisil's Lectures on Skeletons
 28679 | Depths:3 | Noticed a golden dragon
 28707 | Depths:3 | Noticed a walking crystal tome
 28707 | Depths:3 | Killed a golden dragon
 28725 | Depths:3 | Killed a walking crystal tome
 28805 | Depths:3 | Noticed a titan
 28975 | Depths:3 | Noticed a caustic shrike
 28975 | Depths:3 | Identified the ring of the Vanishing Bones {Fire Int+5
                  | Stlth-}
 29093 | Depths:3 | Noticed a golden dragon
 29109 | Depths:3 | Killed a golden dragon
 29114 | Depths:3 | Killed a titan
 29271 | Depths:3 | Identified the +0 plate armour "Ekhuopp" {Rampage Will+
                  | Str+3}
 29271 | Depths:3 | Identified the +3 pair of gloves of the Evening Star {+Inv
                  | Str+2 SInv}
 29279 | Depths:3 | Killed a caustic shrike
 29935 | Depths:4 | Entered Level 4 of the Depths
 29978 | Depths:4 | Noticed a golden dragon
 29983 | Depths:4 | Killed a golden dragon
 30020 | Depths:4 | Found a portal to a secret trove of treasure.
 30034 | Depths:4 | Found a one-way gateway to a ziggurat.
 30049 | Depths:4 | Found a flickering gateway to a bazaar.
 30058 | Bazaar   | Entered a bazaar
 30062 | Bazaar   | Found Mixippoy's Jewellery Boutique.
 30084 | Bazaar   | Found Muobuumo's Distillery.
 30089 | Bazaar   | Bought a potion of heal wounds for 50 gold pieces
 30089 | Bazaar   | Bought 2 potions of heal wounds for 100 gold pieces
 30089 | Bazaar   | Bought a potion of resistance for 100 gold pieces
 30105 | Bazaar   | Found Zyphom's Book Boutique.
 30125 | Bazaar   | Found Xaedghiw's Magic Scroll Shoppe.
 30131 | Bazaar   | Bought a scroll of fog for 36 gold pieces
 30131 | Bazaar   | Bought a scroll of teleportation for 27 gold pieces
 30131 | Bazaar   | Bought a scroll of teleportation for 27 gold pieces
 30131 | Bazaar   | Bought a scroll of poison for 36 gold pieces
 30184 | Depths:4 | You paid a toll of 15 scrolls of teleportation to enter a
                  | treasure trove
 30185 | Trove    | Entered a treasure trove
 30185 | Trove    | Identified the amulet "Megiak" {Faith rPois Will+ Int+2
                  | Stlth-}
 30185 | Trove    | Identified the +0 hat "Qoiluuh" {Will+}
 30185 | Trove    | Identified the amulet of Erid {Reflect Int+6 Dex+7 SH+5}
 30185 | Trove    | Identified the +0 hat "Memnui" {rF- Str+3 Int+5}
 30185 | Trove    | Identified the ring "Vafeg" {rPois Will+ SInv}
 30185 | Trove    | Identified the amulet of Upiuwyj {Acrobat rF+ Dex+5}
 30185 | Trove    | Identified the -1 hat "Esyhiffo" {Harm Rampage rF+}
 30185 | Trove    | Identified the ring of Uvvor {rF+ rC+ MP+9}
 30185 | Trove    | Identified the ring of Siliepn Vaco {rF+ Int+2}
 30185 | Trove    | Identified the ring of Reimbursement {rElec rN+++ EV+5
                  | Str-3 Dex-4}
 30185 | Trove    | Identified the ring "Veish" {Wiz Stlth+}
 30206 | Trove    | Identified the ring "Tazilorch" {MP+9 Dex+6}
 30609 | Depths:4 | Noticed a caustic shrike
 30610 | Depths:4 | Noticed a caustic shrike
 30610 | Depths:4 | Noticed a caustic shrike
 30612 | Depths:4 | Noticed a caustic shrike
 30621 | Depths:4 | Noticed a caustic shrike
 30625 | Depths:4 | Splashed by a caustic shrike's acid

Illustrated notes

Levels and vault maps discovered:
D:1:      minmay_arrival_stone_box, layout_loops_ring, serial_glass,
          glass_columns_a, glass_columns_a
D:2:      layout_basic, dk_vineyard_3
D:3:      layout_rooms, vehumet_altar_wand_db
D:4:      layout_basic, minmay_temple_entry_nine_rooms
D:5:      layout_rooms, tso_altar, st_stairs_6, serial_bayou_pond_c,
          dk_noncrumbling_2, uniq_menkaure
D:6:      layout_gridville, grunt_temple_overflow_open, minivault_26,
          st_stairs_1, nrook_campfire, uniq_blork_the_orc
D:7:      minmay_the_grid_square_5x5_3x3
          [minmay_the_grid_square_5x5_pentomino_r,
          minmay_the_grid_square_5x5_beaten_path,
          minmay_the_grid_square_5x5_hollow_slash,
          minmay_the_grid_square_5x5_spiral_small,
          minmay_the_grid_square_5x5_megaprize_open,
          minmay_the_grid_square_5x5_bridge, minmay_the_grid_square_5x5_meh,
          minmay_the_grid_square_5x5_inner_z,
          minmay_the_grid_square_5x5_eight_small], layout_loops_ring,
          chequers_ossuary_entry_cave
D:8:      layout_basic, mainiacjoe_overflow_surrounded_room, uniq_pikel,
          uniq_erica, uniq_maggie
D:9:      layout_rooms, mainiacjoe_overflow_boulevard, amcnicky_altar_gilded,
          amcnicky_mini_pool_medium
D:10:     layout_loops_cross, tgw_fedhas, orc_0_dummy
D:11:     layout_basic, david_lair_shrubbed, kennysheep_boxes, uniq_lodul,
          uniq_psyche
D:12:     layout_loops_ring, minivault_21
D:13:     minmay_goldmine, layout_basic, david_vaults_4,
          hangedman_decor_peaks_small, uniq_maurice
D:14:     layout_loops_ring, serial_shops, shop,
          nicolae_hepliaklqana_hazy_memory
D:15:     gammafunk_depths_entry_grave, layout_cave_pools,
          hangedman_abyss_or_decor_stabs, serial_rivers,
          chequers_serial_rivers_micro_c, chequers_serial_rivers_micro_a,
          chequers_serial_rivers_small_3, chequers_serial_rivers_large_a,
          chequers_serial_rivers_large_b, minmay_statues_item
Temple:   cyrus_circular_temple
Lair:1:   layout_cave_pods
Lair:2:   layout_gridlike, shoals_dummy_entry, nicolae_quartered_pool_impasse,
          uniq_gastronok
Lair:3:   layout_long_grid, nicolae_snake_entry_squirm
Lair:4:   layout_regular_city, lemuel_fruit_fields, grunt_megastairs_5,
          lemuel_fruit_tree, uniq_sonja
Lair:5:   guppyfry_lair_end_dragon, layout_gridlike,
          hangedman_lair_caniforms_friends, slime_entry_1,
          gauntlet_entry_generic, pdpol_lair_cabin_in_the_woods,
          serial_bayou_shore_b, uniq_josephine
Snake:1:  layout_cave_shapes, serial_bayou_pond_e
Orc:1:    layout_diamond_mine, serial_shops, shop
Orc:2:    grunt_orc_tribal_feast, layout_diamond_mine
Depths:1: layout_big_octagon, nicolae_hell_entry_big_baal_hell,
          grunt_decor_clamped, eino_curves_02, nicolae_alphabet_shops,
          kennysheep_underground_church
Depths:2: cheibrodos_witchhunters_guild, layout_basic, hell_entry,
          elyvilon_altar_4, special_room [special_room_mythical_zoo],
          rand_demon_pan_entry_7, chequers_serial_rivers_small_a,
          hangedman_decor_diamond_cutter, hangedman_decor_push,
          minmay_staircase_windowed_small, uniq_enchantress, uniq_asterion
Depths:3: cheibrodos_leafed_vault, layout_gridlike, abyss_entry,
          xom_redecorated, grunt_hell_entry_dis_grunt, serial_shops,
          nicolae_shop_waterfront, nicolae_shop_hallway_plus,
          nicolae_shop_stone, nicolae_inconvenience_store,
          nicolae_shop_statue_plus, grunt_decor_arrowhead
Depths:4: evilmike_zot_entry_hall, layout_cave_shapes, enter_ziggurat_f,
          enter_trove_3, nicolae_uskayaw_murder_on_the_dancefloor, serial_shops,
          bzr_entry_lakeside, grunt_metal_band
Hell

Skill      XL: |  1  2  3  4  5  6  7  8  9 10 11 12 13 14 15 16 17 18 19 |
---------------+----------------------------------------------------------+-----
Spellcasting   | 4 5 6 7 8 10 11 13 14 15 16 18 19 20 21 | 21.7
Armour         | 1 3 4 5 6 7 |  7.6
Fighting       | 1 3 4 5 6 |  6.0
Dodging        | 4 5 6 7 8 |  8.8
Shields        | 4 6 7 8 9 10 11 | 11.7
Evocations     | 4 6 7 9 10 | 10.6
Stealth        | |  1.5

Action                     |  1- 3 |  4- 6 |  7- 9 | 10-12 | 13-15 | 16-18 | 19-21 || total
---------------------------+-------+-------+-------+-------+-------+-------+-------++-------
  Melee: Dagger            |    18 |    51 |       |       |       |       |       ||    69
         Rapier            |       |    14 |   145 |   125 |    47 |       |       ||   331
         Spear             |       |    59 |   102 |   174 |     2 |       |       ||   337
         Punch             |       |     1 |     6 |     3 |       |       |       ||    10
         Staff             |       |       |       |       |     2 |       |       ||     2
   Cast: Freeze            |    38 |    30 |       |       |    10 |       |       ||    78
         Ozocubu's Armour  |     2 |    17 |    45 |    41 |    23 |     9 |     1 ||   138
         Frozen Ramparts   |     1 |     3 |    30 |    24 |    18 |     2 |     1 ||    79
         Poisonous Vapours |       |    40 |    12 |    92 |   193 |   137 |    12 ||   486
         Slow              |       |       |     8 |     3 |    21 |     7 |     1 ||    40
         Tukima's Dance    |       |       |     2 |    19 |     9 |     6 |     2 ||    38
         Ignite Poison     |       |       |       |    58 |   136 |    72 |     4 ||   270
         Borgnjor's Vile C |       |       |       |       |   200 |   182 |    49 ||   431
         Summon Ice Beast  |       |       |       |       |     7 |     8 |       ||    15
         Leda's Liquefacti |       |       |       |       |     3 |     4 |       ||     7
         Iron Shot         |       |       |       |       |    24 |    64 |    16 ||   104
         Malign Gateway    |       |       |       |       |       |    22 |    21 ||    43
         Monstrous Menager |       |       |       |       |       |       |    17 ||    17
 Invoke: Curse Item        |       |       |     1 |     1 |     3 |     1 |       ||     6
         Shatter the Chain |       |       |       |       |     1 |       |     2 ||     3
    Use: Scroll            |       |    12 |     5 |       |     1 |     1 |       ||    19
         Potion            |       |       |       |       |       |     4 |     1 ||     5
   Stab: Sleeping          |     1 |     1 |     1 |     1 |       |       |       ||     4
         Distracted        |       |       |       |     1 |       |       |       ||     1
 Armour: Robe              |     5 |    17 |       |       |       |       |       ||    22
         Leather armour    |       |    36 |    91 |    10 |       |       |       ||   137
         Steam dragon scal |       |       |       |    63 |       |       |       ||    63
         Swamp dragon scal |       |       |       |     5 |       |       |       ||     5
         Troll leather arm |       |       |       |    35 |    39 |    21 |     9 ||   104
  Dodge: Dodged            |    23 |    94 |   107 |   172 |   160 |    47 |    20 ||   623
  Block: Buckler           |       |       |       |    18 |    42 |       |       ||    60
         Kite shield       |       |       |       |       |    12 |    40 |    21 ||    73

Table legend: (Time is in decaauts)
 A = Elapsed time spent in this place.
 B = Non-inter-level travel time spent in this place.
 C = Inter-level travel time spent in this place.
 D = Time resting spent in this place.
 E = Time spent auto-exploring this place.
 F = Levels seen in this place.
 G = Mean time per level.
                   A        B        C        D        E       F      G
               +--------+--------+--------+--------+--------+-----+--------+
         Total |  30710 |  29160 |   1550 |   2453 |  12375 |  33 |  930.6 |
       Dungeon |  14935 |  14208 |    727 |    776 |   8074 |  15 |  995.7 |
        Temple |     55 |     45 |     10 |      0 |     38 |   1 |   55.0 |
          Lair |   5689 |   5229 |    460 |    113 |   2346 |   5 | 1137.8 |
     Snake Pit |      4 |      4 |      0 |      0 |      0 |   1 |    4.0 |
  Orcish Mines |   1252 |   1107 |    145 |      2 |    488 |   2 |  626.0 |
        Depths |   6940 |   6733 |    207 |   1537 |   1171 |   4 | 1735.0 |
          Hell |      1 |      1 |      0 |      0 |      0 |   1 |    1.0 |
        Bazaar |    106 |    106 |      0 |      0 |     74 |   1 |  106.0 |
         Trove |    308 |    308 |      0 |      0 |      0 |   1 |  308.0 |
       Ossuary |    466 |    466 |      0 |     25 |     46 |   1 |  466.0 |
      Gauntlet |    948 |    948 |      0 |      0 |    137 |   1 |  948.0 |
               +--------+--------+--------+--------+--------+-----+--------+

Top non-repeatable levels by time:
Depths:3: 2685 daAuts
Depths:2: 2435 daAuts
  Lair:5: 1809 daAuts
     D:7: 1801 daAuts
Depths:1: 1549 daAuts
     D:6: 1440 daAuts
     D:4: 1278 daAuts
    D:11: 1193 daAuts
  Lair:1: 1070 daAuts
  Lair:3: 1060 daAuts
  Lair:4: 991 daAuts
     D:1: 988 daAuts
Gauntlet: 948 daAuts
    D:15: 940 daAuts
     D:3: 925 daAuts
